 Dungeon Sprint DCSS version 0.27-a0-1202-ge72e49191c (webtiles) character file.

Game seed: 899630859215041663

677 mhtbhm the Geomancer (level 7, -3/36 HPs)
             Began as a Deep Elf Earth Elementalist on June 3, 2021.
             Was a Follower of Vehumet.
             Killed from afar by a gargoyle (24 damage)
             ... with a stone arrow
             ... in the Dungeon (Sprint IX: "|||||||||||||||||||||||||||||").
             The game lasted 00:01:27 (190 turns).

mhtbhm the Geomancer (Deep Elf Earth Elementalist)   Turns: 190, Time: 00:01:28

Health: -3/36      AC:  6    Str:  5    XL:     7   Next: 33%
Magic:  0/24       EV: 14    Int: 25    God:    Vehumet [*.....]
Gold:   0          SH:  0    Dex: 15    Spells: 15/30 levels left

rFire    . . .     SeeInvis .   k - +4 quarterstaff (speed)
rCold    . . .     Faith    .   (shield currently unavailable)
rNeg     . . .     Spirit   .   c - +0 robe
rPois    .         Reflect  .   l - +0 helmet
rElec    .         Harm     .   (no cloak)
rCorr    .         Rampage  .   m - +0 pair of gloves
Will     .....     NoTele   +   (no boots)
Stlth    +++.......             (no amulet)
HPRegen  0.12/turn              n - +2 ring of protection
MPRegen  0.19/turn              o - +3 ring of intelligence

@: no status effects
A: no striking features
a: Renounce Religion


You were in the Dungeon.
You worshipped Vehumet.
Vehumet was aware of your devotion.
You visited 1 branch

Inventory:

Hand Weapons
 k - a +4 quarterstaff of speed (weapon)
Missiles
 b - 12 stones
Armour
 c - a +0 robe (worn)
 l - a +0 helmet (worn)
 m - a +0 pair of gloves (worn)
Jewellery
 n - a +2 ring of protection (left hand)
 o - a +3 ring of intelligence (right hand)
Wands
 j - a wand of iceblast (9)
Scrolls
 f - 2 scrolls of amnesia
 i - 2 scrolls of blinking
Potions
 a - a potion of invisibility
 d - 5 potions of curing
 e - 3 potions of heal wounds
 g - 3 potions of magic
 h - a potion of berserk rage


   Skills:
 + Level 5.7 Dodging
 + Level 5.6 Stealth
 + Level 12.3 Spellcasting
 + Level 1.1 Transmutations
 + Level 12.7 Earth Magic


You had 15 spell levels left.
You knew the following spells:

 Your Spells              Type           Power      Damage    Failure   Level
a - Sandblast             Erth           100%       2d20      1%          1
b - Passwall              Tmut/Erth      41%        N/A       1%          2
c - Stone Arrow           Conj/Erth      94%        3d12      1%          3
d - Lee's Rapid Deconstr  Erth           34%        3d18*     1%          5
e - Petrify               Tmut/Erth      50%        N/A       2%          4

Your spell library contained the following spells:

 Spells                   Type           Power      Damage    Failure   Level
 Freeze                   Ice            60%        1d8       4%          1


Dungeon Overview and Level Annotations

Branches:
Dungeon (1/1)

Altars:
Cheibriados
Dithmenos
Elyvilon
Fedhas
Gozag
Hepliaklqana
Kikubaaqudgha
Makhleb
Nemelex Xobeh
Okawaru
Qazlal
Ru
Sif Muna
Trog
Uskayaw
Vehumet
Wu Jian
Xom
Yredelemnul
Zin
The Shining One
Beogh
Jiyva
Lugonu


Message History

The gargoyle is heavily damaged.
The gargoyle barely misses you.
Unknown command.
Unknown command.
Casting: Lee's Rapid Deconstruction (dangerous; 1% risk of failure)
Confirm with . or Enter, or press ? or * to list all spells.
You don't have enough magic to cast this spell.
Unknown command.
Okay, then.
The gargoyle hurls a stone arrow at you.
The stone arrow hits you!
The kobold demonologist casts a spell.
You see here a +0 plate armour.
The kobold demonologist looks braver for a moment.
The shadow imp laughs crazily.
Casting: Lee's Rapid Deconstruction (dangerous; 1% risk of failure)
Confirm with . or Enter, or press ? or * to list all spells.
Aiming: Sandblast (safe; 1% risk of failure)
Press: ? - help, Shift-Dir - straight line, f - gargoyle
Aim: a gargoyle, wielding a +1 vorpal flail (heavily damaged, 92% to hit)
The blast of sand hits the gargoyle but does no damage.
The gargoyle is heavily damaged.
The kobold demonologist mumbles some strange words.
Unknown command.
The kobold demonologist begins to cast a cantrip, but forgets the words!
Items here: ))))).
Casting: Sandblast (safe; 1% risk of failure)
Confirm with . or Enter, or press ? or * to list all spells.
Aiming: Sandblast (safe; 1% risk of failure)
Press: ? - help, Shift-Dir - straight line, f/p - gargoyle
Aim: a gargoyle, wielding a +1 vorpal flail (heavily damaged, 92% to hit)
The blast of sand hits the gargoyle but does no damage.
The gargoyle is heavily damaged.
The gargoyle closely misses you.
The kobold demonologist casts a spell.
Unknown command.
The gargoyle hurls a stone arrow at you.
The stone arrow hits you!!
Ouch! That really hurt!
You die...

▓†▓
▓5▓
▓[▓
▓5▓
▓.▓
▓5▓
▓9▓
▓.▓
▓@▓
▓'▓
▓_▓
▓_▓
▓_▓
▓_▓
▓_▓
▓_▓
▓_▓


You could see a gargoyle, a quasit (summoned), a white imp (summoned) and a
shadow imp (summoned).

Vanquished Creatures
  A troll (D)
  2 yaks (D)
  A sky beast (D)
  An ogre (D)
  An iguana (D)
  An orc (D)
  A ball python (D)
  A bat zombie (D)
  An endoplasm (D)
  2 frilled lizards (D)
  A rat (D)
13 creatures vanquished.

Notes
Turn   | Place    | Note
-------+----------+-------------------------------------------
     0 | D        | mhtbhm the Deep Elf Earth Elementalist began the quest for
                  | the Orb.
     0 | D        | Reached XP level 1. HP: 10/10 MP: 6/6
    61 | D        | Noticed a sky beast
    61 | D        | Noticed an ogre
    61 | D        | Noticed an iguana
    66 | D        | Killed an iguana
    67 | D        | Reached XP level 2. HP: 15/15 MP: 1/9
    67 | D        | Reached XP level 3. HP: 19/19 MP: 1/11
    81 | D        | Killed an ogre
    82 | D        | Reached XP level 4. HP: 24/24 MP: 9/15
    82 | D        | Killed a sky beast
    83 | D        | Reached XP level 5. HP: 28/28 MP: 8/18
    86 | D        | Learned a level 2 spell: Passwall
    90 | D        | Learned a level 3 spell: Stone Arrow
    96 | D        | Learned a level 5 spell: Lee's Rapid Deconstruction
   101 | D        | Learned a level 4 spell: Petrify
   115 | D        | Found a snail-covered altar of Cheibriados.
   115 | D        | Found a shadowy altar of Dithmenos.
   115 | D        | Found a white marble altar of Elyvilon.
   115 | D        | Found a blossoming altar of Fedhas.
   115 | D        | Found an opulent altar of Gozag.
   116 | D        | Found a hazy altar of Hepliaklqana.
   117 | D        | Found a viscous altar of Jiyva.
   118 | D        | Found an ancient bone altar of Kikubaaqudgha.
   119 | D        | Found a corrupted altar of Lugonu.
   120 | D        | Found a burning altar of Makhleb.
   121 | D        | Found a sparkling altar of Nemelex Xobeh.
   122 | D        | Found an iron altar of Okawaru.
   123 | D        | Found a stormy altar of Qazlal.
   124 | D        | Found a sacrificial altar of Ru.
   125 | D        | Found a shimmering blue altar of Sif Muna.
   126 | D        | Found a bloodstained altar of Trog.
   127 | D        | Found a hide-covered altar of Uskayaw.
   128 | D        | Found a radiant altar of Vehumet.
   129 | D        | Found an ornate altar of the Wu Jian Council.
   130 | D        | Found a shimmering altar of Xom.
   131 | D        | Found a basalt altar of Yredelemnul.
   132 | D        | Found a glowing silver altar of Zin.
   133 | D        | Found a glowing golden altar of the Shining One.
   136 | D        | Became a worshipper of Vehumet
   174 | D        | Noticed a shadow
   174 | D        | Noticed a kobold demonologist
   174 | D        | Noticed a gargoyle
   174 | D        | Noticed a yak
   174 | D        | Noticed a troll
   174 | D        | Noticed a yak
   177 | D        | Killed a troll
   178 | D        | Reached skill level 5 in Dodging
   178 | D        | Reached skill level 5 in Stealth
   178 | D        | Reached skill level 10 in Spellcasting
   178 | D        | Reached XP level 6. HP: 32/32 MP: 13/21
   178 | D        | Killed a yak
   179 | D        | Reached XP level 7. HP: 36/36 MP: 8/24
   180 | D        | Noticed a hellwing
   180 | D        | Killed a yak
   180 | D        | Reached * piety under Vehumet
   180 | D        | Offered knowledge of Freeze by Vehumet.
   190 | D        | Killed from afar by a gargoyle

Illustrated notes

Levels and vault maps discovered:
D:        linesprint [early_d, line_temple, items_1, d_10, items_2, lair_1,
          lair_end, items_3, orc_1, orc_end, items_4, d_15, swamp_1, shoals_1,
          snake_1, spider_1, d_20, vaults_1, items_5, swamp_end, shoals_end,
          snake_end, spider_end, vaults_end, d_27, items_6, zot_1, zot_end,
          crypt_end, forest_end, elf_end, slime_end, tomb_end, abyss_end,
          pan_hell_end]

Skill      XL: |  1  2  3  4  5  6  7 |
---------------+----------------------+-----
Earth Magic    | 6 8 9 11 12 | 12.7
Stealth        | 3 4 5 |  5.6
Dodging        | 3 4 5 |  5.7
Spellcasting   | 4 7 9 10 11 12 | 12.3
Transmutations | |  1.1

Action                   |  1- 3 |  4- 6 |  7- 9 || total
-------------------------+-------+-------+-------++-------
 Cast: Sandblast         |    15 |     1 |     2 ||    18
       Lee's Rapid Decon |       |     2 |     2 ||     4
Evoke: Wand              |       |     1 |       ||     1
  Use: Potion            |     2 |       |       ||     2
Armor: Robe              |       |       |     1 ||     1
Dodge: Dodged            |     5 |     1 |     2 ||     8

Table legend: (Time is in decaauts)
 A = Elapsed time spent in this place.
 B = Non-inter-level travel time spent in this place.
 C = Inter-level travel time spent in this place.
 D = Time resting spent in this place.
 E = Time spent auto-exploring this place.
 F = Levels seen in this place.
 G = Mean time per level.
                   A        B        C        D        E       F      G
               +--------+--------+--------+--------+--------+-----+--------+
         Total |    169 |    169 |      0 |     44 |      0 |   1 |  169.0 |
       Dungeon |    169 |    169 |      0 |     44 |      0 |   1 |  169.0 |
               +--------+--------+--------+--------+--------+-----+--------+

Top non-repeatable levels by time:
       D: 169 daAuts
